 Dungeon Crawl Stone Soup version 0.31-a0-949-g57150269e1 (webtiles) character file.

Game seed: 919199702179961695

28 pokeman the Magician (level 2, -6/16 HPs)
             Began as a Deep Elf Hedge Wizard on Oct 22, 2023.
             Mangled by Sigmund
             ... wielding a +0 scythe
              (8 damage)
             ... on level 2 of the Dungeon.
             The game lasted 00:02:25 (1201 turns).

pokeman the Magician (Deep Elf Hedge Wizard)        Turns: 1201, Time: 00:02:26

Health: -6/16      AC:  2    Str:  7    XL:     2   Next: 96%
Magic:  6/10       EV: 12    Int: 18    God:
Gold:   56         SH:  0    Dex: 14    Spells: 10/11 levels left

rFire   . . .        a - +0 dagger
rCold   . . .        (no shield)
rNeg    . . .        b - +0 robe
rPois   .            c - +0 hat
rElec   .            (no cloak)
rCorr   .            (no gloves)
SInv    .            (no boots)
Will    .....        (no amulet)
Stlth   +            (no ring)
HPRegen 0.22/turn    (no ring)
MPRegen 0.12/turn

%: no passive effects
@: confused
A: no striking features
a: no special abilities


You were on level 2 of the Dungeon.
You visited 1 branch of the dungeon, and saw 2 of its levels.

You collected 56 gold pieces.

Inventory:

Hand Weapons
 a - a +0 dagger (weapon)
Armour
 b - a +0 robe (worn)
 c - a +0 hat (worn)
Scrolls
 f - a scroll of identify {unknown}
 g - a scroll of vulnerability {unknown}
 h - a scroll of revelation {unknown}
 j - 2 scrolls of fear {unknown}
Potions
 d - a potion of magic
 e - a potion of curing {unknown}
 i - a potion of degeneration {unknown}
 k - a potion of enlightenment {unknown}
 l - a potion of might {unknown}
 m - a potion of haste {unknown}
 n - 2 potions of invisibility {unknown}


   Skills:
 + Level 0.7 Fighting
 + Level 0.7 Armour
 - Level 2.4 Dodging
 - Level 2.4 Stealth
 * Level 5.0 Spellcasting
 + Level 1.7 Conjurations
 - Level 1.1 Summonings
 - Level 1.1 Translocations


You had 10 spell levels left.
You knew the following spells:

 Your Spells              Type           Power      Damage    Failure   Level
a - Magic Dart            Conj           40%        1d5       7%          1

Your spell library contained the following spells:

 Spells                   Type           Power      Damage    Failure   Level
 Summon Small Mammal      Summ           32%        N/A       9%          1
 Slow                     Hex            16%        N/A       13%         1
 Blink                    Tloc           16%        N/A       13%         2
 Call Imp                 Summ           16%        N/A       13%         2
 Cigotuvi's Dreadful Rot  Necr/Pois/Air  8%         N/A       21%         2
 Call Canine Familiar     Summ           8%         N/A       26%         3
 Mephitic Cloud           Conj/Pois/Air  6%         N/A       32%         3
 Summon Guardian Golem    Hex/Summ       6%         N/A       32%         3


Dungeon Overview and Level Annotations

Branches:
Dungeon (2/15)

Altars:

Annotations:
D:2 Robin, Sigmund


Message History

Press: ? - help, Shift-Dir - straight line, f/p - hobgoblin
Aim: a hobgoblin (100% to hit)
The magic dart hits the hobgoblin.
The hobgoblin is severely wounded.
Unknown command.
Casting: Magic Dart (safe; 7% risk of failure)
Confirm with . or Enter, or press ? or * to list all spells.
Aiming: Magic Dart (safe; 7% risk of failure)
Press: ? - help, Shift-Dir - straight line, f/p - hobgoblin
Aim: a hobgoblin (severely wounded, 100% to hit)
The magic dart hits the hobgoblin.
You kill the hobgoblin!
Unknown command.
Robin roars a battlecry!
The hobgoblin goes into a battle-frenzy!
Sigmund gestures at you while chanting.
You are confused.
You're too confused to move!
The hobgoblin hits you. Sigmund gestures at you while chanting.
You are more confused.
The hobgoblin hits you.
A goblin comes into view. It is wielding a +0 dagger.
The goblin shouts!
You hear a shout!
Sigmund hits you from afar with a +0 scythe!
Robin barely misses you. The hobgoblin hits you.
* * * LOW HITPOINT WARNING * * *
The hobgoblin attacks as it pursues you!
The hobgoblin closely misses you.
You hit the hobgoblin.
The hobgoblin is moderately wounded.
Sigmund mumbles some strange words.
Sigmund flickers and vanishes!
Deactivating autopickup; reactivate with Ctrl-A.
Robin closely misses you. The hobgoblin closely misses you.
Unknown command.
Something hits you!
Ouch! That really hurt!
You die...

##. #########...
#.........#
#.........
#.......#############
#.......#............
#...@...#............
#.......#............
#..gg...#............
#.>.....'........†..†
#.......#............
#...g...#############
#....g..# #.......#
#.......#


You could see Robin, 2 hobgoblins and a goblin (strong).

Vanquished Creatures
  A dart slug (D:2)
  A ball python (D:1)
  An endoplasm (D:2)
  A giant cockroach (D:1)
  3 goblins
  5 hobgoblins
  A kobold (D:1)
  7 bats
  3 rats (D:1)
23 creatures vanquished.

Notes
Turn   | Place    | Note
-------+----------+-------------------------------------------
     0 | D:1      | pokeman the Deep Elf Hedge Wizard began the quest for the
                  | Orb.
     0 | D:1      | Reached XP level 1. HP: 10/10 MP: 7/7
   228 | D:1      | Reached XP level 2. HP: 16/16 MP: 6/9
  1093 | D:2      | Reached skill level 5 in Spellcasting
  1163 | D:2      | Noticed Sigmund
  1164 | D:2      | Noticed Robin
  1201 | D:2      | Mangled by Sigmund

Illustrated notes

Levels and vault maps discovered:
D:1:      onia_arrival_pentagram, layout_loops_ring,
          kennysheep_decorative_pillar
D:2:      layout_basic, kennysheep_generic_room_6, uniq_sigmund, uniq_robin,
          uniq_jessica

Skill      XL: |  1  2 |
---------------+-------+-----
Spellcasting   | 5 |  5.0
Fighting       | |  0.7
Armour         | |  0.7
Dodging        | |  2.4
Stealth        | |  2.4
Conjurations   | |  1.7
Summonings     | |  1.1
Translocations | |  1.1

Action                     || total
---------------------------++-------
  Melee: Dagger            ||     1
   Cast: Magic Dart        ||    52
 Armour: Robe              ||    12
  Dodge: Dodged            ||     4

Table legend: (Time is in decaauts)
 A = Elapsed time spent in this place.
 B = Non-inter-level travel time spent in this place.
 C = Inter-level travel time spent in this place.
 D = Time resting spent in this place.
 E = Time spent auto-exploring this place.
 F = Levels seen in this place.
 G = Mean time per level.
                   A        B        C        D        E       F      G
               +--------+--------+--------+--------+--------+-----+--------+
         Total |   1200 |   1182 |     18 |      0 |   1056 |   2 |  600.0 |
       Dungeon |   1200 |   1182 |     18 |      0 |   1056 |   2 |  600.0 |
               +--------+--------+--------+--------+--------+-----+--------+

Top non-repeatable levels by time:
     D:1: 892 daAuts
     D:2: 308 daAuts
